 Dungeon Crawl Stone Soup version 0.28.0-43-g3370ac3207 (webtiles) character file.

Game seed: 6145682671853060459

148 Ablot the Grasshopper (level 5, 0/43 HPs)
             Began as a Gnoll Warper on Mar 29, 2022.
             Killed from afar by a steam dragon (19 damage)
             ... with a ball of steam
             ... on level 4 of the Dungeon.
             The game lasted 00:04:05 (3364 turns).

Ablot the Grasshopper (Gnoll Warper)                Turns: 3364, Time: 00:04:06

Health: 0/43       AC: 11    Str: 13    XL:     5   Next: 30%
Magic:  10/12      EV: 12    Int: 12    God:
Gold:   58         SH:  0    Dex: 11    Spells: 12/14 levels left

rFire   . . .      SeeInvis .   a - +2 trident (flame)
rCold   . . .      Faith    .   (no shield)
rNeg    . . .      Spirit   .   b - +0 leather armour
rPois   .          Reflect  .   (no helmet)
rElec   .          Harm     .   (no cloak)
rCorr   .          Rampage  .   (no gloves)
Will    .....                   (no boots)
Stlth   +.........              (no amulet)
HPRegen 0.14/turn               e - +4 ring of protection
MPRegen 0.13/turn               j - +4 ring of protection

@: on blink cooldown
A: fangs 1, strong nose, distributed training
a: no special abilities


You were on level 4 of the Dungeon.
You visited 1 branch of the dungeon, and saw 4 of its levels.

You collected 58 gold pieces.

Inventory:

Hand Weapons
 a - a +2 trident of flaming (weapon)
Missiles
 d - 5 boomerangs of dispersal
 f - 55 arrows
 h - 115 stones
 l - 25 bolts
 o - a boomerang (quivered)
Armour
 b - a +0 leather armour (worn)
Jewellery
 e - a +4 ring of protection (left hand)
 j - a +4 ring of protection (right hand)
 p - a ring of willpower
 q - a ring of protection from fire
 r - a ring of ice
Scrolls
 c - 2 scrolls of blinking
 g - 2 scrolls of identify {unknown}
 n - a scroll of vulnerability {unknown}
Potions
 i - 2 potions of invisibility {unknown}
 k - 2 potions of flight {unknown}
 m - a potion of degeneration {unknown}


   Skills:
 + Level 4.7 Fighting
 + Level 1.4 Short Blades
 + Level 1.4 Long Blades
 + Level 1.4 Axes
 + Level 1.4 Maces & Flails
 + Level 4.7 Polearms
 + Level 1.4 Staves
 + Level 1.4 Slings
 + Level 1.4 Bows
 + Level 1.4 Crossbows
 + Level 2.9 Throwing
 + Level 2.9 Armour
 + Level 4.7 Dodging
 + Level 1.4 Stealth
 + Level 1.4 Shields
 + Level 1.4 Unarmed Combat
 + Level 5.2 Spellcasting
 + Level 1.1 Conjurations
 + Level 1.1 Hexes
 + Level 1.1 Summonings
 + Level 1.1 Necromancy
 + Level 5.5 Translocations
 + Level 1.1 Transmutations
 + Level 1.1 Fire Magic
 + Level 1.1 Ice Magic
 + Level 1.1 Air Magic
 + Level 1.1 Earth Magic
 + Level 1.1 Poison Magic
 + Level 1.6 Invocations
 + Level 1.4 Evocations


You had 12 spell levels left.
You knew the following spells:

 Your Spells              Type           Power      Damage    Failure   Level
a - Blink                 Tloc           32%        N/A       3%          2

Your spell library contained the following spells:

 Spells                   Type           Power      Damage    Failure   Level
 Gell's Gravitas          Tloc           16%        N/A       8%          3
 Lesser Beckoning         Tloc           16%        N/A       8%          3
 Teleport Other           Tloc           16%        N/A       8%          3
 Manifold Assault         Tloc           16%        N/A       56%         5
 Cause Fear               Hex            2%         N/A       83%         4
 Dragon Form              Tmut           2%         N/A       100%        7
 Dragon's Call            Summ           2%         N/A       100%        9


Dungeon Overview and Level Annotations

Branches:
Dungeon (4/15)
 Temple: D:4-7

Altars:
Wu Jian


Innate Abilities, Weirdness & Mutations

You have very sharp teeth.
Your uncanny sense of smell can sniff out nearby items.
Your experience applies equally to all skills.


Message History

The boomerang closely misses the steam dragon.
Unknown command.
You reach to attack!
You hit the steam dragon. You burn the steam dragon.
The steam dragon is moderately wounded.
The steam dragon breathes steam at you. The ball of steam hits you!
You barely miss the steam dragon.
The steam dragon is moderately wounded.
You are engulfed in a cloud of scalding steam.
The steam dragon misses you. The steam dragon barely misses you.
You closely miss the steam dragon.
The steam dragon is moderately wounded.
The steam dragon barely misses you.
The steam dragon claws you but does no damage.
The steam dragon bites you! The steam dragon closely misses you.
You completely miss the steam dragon.
You bite the steam dragon, but do no damage.
The steam dragon is moderately wounded.
The steam dragon breathes steam at you. The ball of steam misses you.
You hit the steam dragon but do no damage.
The steam dragon is moderately wounded.
You are engulfed in a cloud of scalding steam.
The steam dragon completely misses you.
The steam dragon claws you but does no damage.
The steam dragon barely misses you. x2
You puncture the steam dragon! You burn the steam dragon.
The steam dragon is heavily wounded.
An adder comes into view.
The steam dragon bites you but does no damage.
The steam dragon completely misses you.
You hit the steam dragon. You burn the steam dragon.
The steam dragon is severely wounded.
The steam dragon bites you. The steam dragon closely misses you.
Casting: Blink (safe; 3% risk of failure)
Confirm with . or Enter, or press ? or * to list all spells.
You blink.
The adder barely misses you. The steam dragon breathes steam at you.
The ball of steam hits you!!
You die...

......##.# #.....#####.#..#
......§..##
#.....#####.#.##
..........#
#.....##........
.....#.##.#
#.....##.##.###. ### #.
#.#####.D...##.##..... #.
#......§§...##.######.
#.#######.§....##.#######
###......##§.....##.....#..
..........@......######.#.#
######.###S#.##.# #.#.#.#
#........#.##.# #.....†
#.###.####....# #.#.### #
#......#### #.#....
####...# #......
###.#############
#...........#..
###########.#.#


You could see an adder.

Vanquished Creatures
  A hound (D:4)
  3 adders
  An ufetubus (D:2)
  3 dart slugs
  5 orcs
  6 endoplasms
  3 giant cockroaches
  9 goblins
  7 hobgoblins
  3 jackals (D:3)
  5 quokkas
  5 ball pythons
  7 bats
  5 frilled lizards
  3 kobolds
  8 rats
74 creatures vanquished.

Notes
Turn   | Place    | Note
-------+----------+-------------------------------------------
     0 | D:1      | Ablot the Gnoll Warper began the quest for the Orb.
     0 | D:1      | Reached XP level 1. HP: 20/20 MP: 6/6
    85 | D:1      | Found a faded altar of an unknown god.
   357 | D:1      | Reached XP level 2. HP: 19/26 MP: 7/7
   360 | D:1      | Learned a level 2 spell: Blink
  1021 | D:2      | Reached skill level 5 in Spellcasting
  1021 | D:2      | Reached XP level 3. HP: 31/31 MP: 7/9
  1286 | D:2      | Reached skill level 1 in Invocations
  1695 | D:2      | Reached skill level 1 in Short Blades
  1695 | D:2      | Reached skill level 1 in Long Blades
  1695 | D:2      | Reached skill level 1 in Axes
  1695 | D:2      | Reached skill level 1 in Maces & Flails
  1695 | D:2      | Reached skill level 1 in Staves
  1695 | D:2      | Reached skill level 1 in Slings
  1695 | D:2      | Reached skill level 1 in Bows
  1695 | D:2      | Reached skill level 1 in Crossbows
  1695 | D:2      | Reached skill level 1 in Stealth
  1695 | D:2      | Reached skill level 1 in Shields
  1695 | D:2      | Reached skill level 1 in Unarmed Combat
  1695 | D:2      | Reached skill level 1 in Evocations
  1755 | D:2      | Reached XP level 4. HP: 35/38 MP: 11/11
  2478 | D:3      | Reached skill level 1 in Conjurations
  2478 | D:3      | Reached skill level 1 in Hexes
  2478 | D:3      | Reached skill level 1 in Summonings
  2478 | D:3      | Reached skill level 1 in Necromancy
  2478 | D:3      | Reached skill level 1 in Transmutations
  2478 | D:3      | Reached skill level 1 in Fire Magic
  2478 | D:3      | Reached skill level 1 in Ice Magic
  2478 | D:3      | Reached skill level 1 in Air Magic
  2478 | D:3      | Reached skill level 1 in Earth Magic
  2478 | D:3      | Reached skill level 1 in Poison Magic
  2826 | D:4      | Reached XP level 5. HP: 43/43 MP: 12/12
  3147 | D:4      | Found an ornate altar of the Wu Jian Council.
  3338 | D:4      | Noticed a steam dragon
  3364 | D:4      | Killed from afar by a steam dragon

Illustrated notes

Levels and vault maps discovered:
D:1:      dpeg_arrival_tiny_a, layout_basic, chequers_ecumenical_altar_island
D:2:      minmay_chambers_of_twos, layout_basic
D:3:      layout_basic
D:4:      layout_basic, lemuel_coloured_pillars_altar

Skill      XL: |  1  2  3  4 |
---------------+-------------+-----
Spellcasting   | 5 |  5.2
Invocations    | 1 |  1.6
Short Blades   | 1 |  1.4
Long Blades    | 1 |  1.4
Axes           | 1 |  1.4
Maces & Flails | 1 |  1.4
Staves         | 1 |  1.4
Slings         | 1 |  1.4
Bows           | 1 |  1.4
Crossbows      | 1 |  1.4
Stealth        | 1 |  1.4
Shields        | 1 |  1.4
Unarmed Combat | 1 |  1.4
Evocations     | 1 |  1.4
Conjurations   | 1 |  1.1
Hexes          | 1 |  1.1
Summonings     | 1 |  1.1
Necromancy     | 1 |  1.1
Transmutations | 1 |  1.1
Fire Magic     | 1 |  1.1
Ice Magic      | 1 |  1.1
Air Magic      | 1 |  1.1
Earth Magic    | 1 |  1.1
Poison Magic   | 1 |  1.1
Fighting       | |  4.7
Polearms       | |  4.7
Throwing       | |  2.9
Armour         | |  2.9
Dodging        | |  4.7
Translocations | |  5.5

Action                   |  1- 3 |  4- 6 || total
-------------------------+-------+-------++-------
Melee: Spear             |   162 |   110 ||   272
       Bite              |    11 |     7 ||    18
       Punch             |     1 |     2 ||     3
       Trident           |       |     8 ||     8
Throw: Boomerang         |       |     5 ||     5
 Cast: Blink             |       |     1 ||     1
 Stab: Sleeping          |     1 |     1 ||     2
Armor: Leather armour    |    44 |    30 ||    74
Dodge: Dodged            |    69 |    64 ||   133
